[Event "American Cup Blitz 2024"]
[Site "Saint Louis"]
[Date "2024.03.21"]
[Round "3.7"]
[White "Le, Quang Liem"]
[Black "Hong, Andrew"]
[Result "1-0"]
[ECO "B06"]
[WhiteElo "2731"]
[BlackElo "2542"]
[Annotator "TA"]
[PlyCount "95"]
[EventDate "2024.03.21"]
[EventType "swiss"]
[EventCountry "USA"]
[SourceTitle "playchess.com"]
[Source "ChessBase"]
[SourceQuality "1"]
[TimeControl "180+2"]

1. d4 d6 2. e4 g6 3. Nc3 Bg7 4. Be3 Nc6 5. h3 e5 6. dxe5 {[%emt 0:00:21] B06: Modern Defence.} Nxe5 7. Qd2 h6 $146 ({Predecessor:} 7... Nf6 8. f4 Nc6 9. O-O-O O-O 10. Nf3 Re8 11. e5 dxe5 12. Qxd8 Rxd8 13. Rxd8+ Nxd8 14. Nxe5 {½-½ Durarbayli,V (2590)-Othman,A (2275) Wch Blitz 8th 2014 (6)}) 8. f4 Nc6 9. O-O-O Nge7 10. g4 f5 11. gxf5 gxf5 12. e5 Be6 13. Nf3 d5 (13... dxe5 $2 14. Qg2 $18) (13... Qd7 {was called for.} 14. Rg1 (14. exd6 $18)) 14. Rg1 $18 Rg8 15. Bb5 Qd7 16. Nd4 O-O-O $2 (16... a6) 17. Na4 $18 b6 18. Qc3 Kb7 {[%emt 0:00:02] [#]} 19. Rg6 $2 (19. Qxc6+ Nxc6 20. Bxc6+ Qxc6 21. Nxc6 Kxc6 $18) (19. Nc5+ $3 $18 bxc5 20. Qxc5) 19... Nxd4 $1 $15 20. Qxd4 (20. Bxd7 $2 Ne2+ (20... Nxg6 $2 21. Rxd4 Rxd7 22. Nc5+ bxc5 23. Qxc5 $18) 21. Kb1 Nxc3+ 22. Nxc3 Bxd7 $19) ({White must play} 20. Bxd4 $15 c6 (20... Qxb5 21. Rxe6 Bf8 22. b3 $15) 21. Rxe6 Qxe6 22. Be2) 20... c6 $4 (20... Qxb5 $19 21. Rxe6 Nc6 22. Rxc6 Qxc6) 21. Nxb6 $18 Qc7 22. Rxe6 (22. Ba6+ $142 Kb8 23. Qb4 (23. Rxe6 Bf8 $18)) 22... cxb5 $18 23. Qc5 (23. Rxe7 $142 Qxe7 24. Nxd5) 23... Qxc5 $18 24. Bxc5 Nc6 25. Nxd5 Bf8 26. Bxf8 Rgxf8 27. Rxh6 Rg8 28. Rxc6 Kxc6 29. Ne7+ Kc7 30. Nxg8 (30. Nxf5 Rxd1+ 31. Kxd1 Kd7 $18) 30... Rxg8 31. Rd6 Rg2 $2 (31... Rg1+ 32. Rd1 Rg6) 32. Rf6 $18 Rh2 33. Rxf5 Rxh3 34. b3 Kc6 35. e6 b4 36. Re5 Rh8 37. e7 Re8 {[%emt 0:00:01] [#]} 38. c3 (38. c4 $142 $1 bxc3 (38... Kd7 39. f5) 39. f5 (39. Kc2 Kd7 $18) 39... Kd6 40. f6 Kxe5 41. f7 Rxe7 42. f8=Q (42. f8=R Rg7 $14) 42... Rd7 43. Qc5+ Ke6 44. Qxc3) 38... bxc3 39. Kc2 Kd7 40. b4 Kd6 41. Kxc3 Kd7 42. Kb3 a5 43. b5 a4+ 44. Kb4 a3 45. f5 Kd6 46. Re6+ Kd7 47. Re3 Kd6 48. f6 1-0

[Event "American Cup Blitz 2024"]
[Site "Saint Louis"]
[Date "2024.03.21"]
[Round "3.8"]
[White "Oparin, Grigoriy"]
[Black "Quesada Perez, Yasser"]
[Result "1/2-1/2"]
[ECO "A09"]
[WhiteElo "2671"]
[BlackElo "2584"]
[Annotator "TA"]
[PlyCount "73"]
[EventDate "2024.03.21"]
[EventType "swiss"]
[EventCountry "USA"]
[SourceTitle "playchess.com"]
[Source "ChessBase"]
[SourceQuality "1"]
[TimeControl "180+2"]

1. d4 d5 2. c4 dxc4 3. Nf3 Nf6 4. e3 c5 5. Bxc4 cxd4 6. exd4 g6 7. O-O Bg7 8. Re1 O-O 9. h3 {[%emt 0:00:01] Prevents Bg4.} a6 10. Nc3 b5 11. Bb3 Bb7 12. Bg5 Nc6 13. a4 Na5 14. Bxf6 (14. Bc2 $11 {keeps the balance.}) 14... Bxf6 15. Ne4 Bxe4 16. Rxe4 Nxb3 17. Qxb3 Rb8 18. Re2 Qd6 (18... Bxd4 $2 19. Rd1 $18 (19. Nxd4 Qxd4 20. Rxe7 Qf6 $11)) 19. Ne5 bxa4 ({Reject} 19... Qxd4 $6 20. Nc6 Qc5 21. Nxb8 Rxb8 22. Rc2 $14) (19... Kg7 {feels hotter.} 20. Kh1 h5 21. Kg1 bxa4 22. Qxa4 Rb4) 20. Qxa4 Rb4 21. Qxa6 Rxd4 (21... Qxd4 22. Nc6 Qb6 23. Nxb4 Qxb4 24. Qa7 $16) 22. Qxd6 Rxd6 23. Ng4 Bg7 {[%emt 0:00:11] The position is equal.} 24. Rxe7 h5 25. Ne3 Bxb2 26. Rb1 Bd4 27. Re4 Bxe3 28. Rxe3 $11 {[%emt 0:00:01][%mdl 4096] Endgame. KRR-KRR} Rfd8 29. h4 Rd1+ 30. Rxd1 Rxd1+ {[%emt 0:00:01] KR-KR} 31. Kh2 Kg7 32. g3 Rd2 33. Kg1 Kg8 34. Kg2 Kg7 35. Kg1 Kg8 36. Kg2 Kg7 37. Kg1 {[%emt 0:00:02] Weighted Error Value: White=0.08 (flawless) /Black=0.05 (flawless) .  Mistake:       	White=1     	---        Inaccurate:     	White=1     	Black=1      OK:         	White=10    	Black=11     Best:        	White=3     	---} 1/2-1/2

[Event "American Cup Blitz 2024"]
[Site "Saint Louis"]
[Date "2024.03.21"]
[Round "3.9"]
[White "Quesada Perez, Yuniesky"]
[Black "Swiercz, Dariusz"]
[Result "1-0"]
[ECO "C54"]
[WhiteElo "2591"]
[BlackElo "2612"]
[Annotator "TA"]
[PlyCount "131"]
[EventDate "2024.03.21"]
[EventType "swiss"]
[EventCountry "USA"]
[SourceTitle "playchess.com"]
[Source "ChessBase"]
[SourceQuality "1"]
[TimeControl "180+2"]

1. e4 e5 2. Nf3 Nc6 3. Bc4 Nf6 4. d3 Bc5 5. c3 d6 6. Bg5 h6 7. Bh4 a6 8. a4 {[%emt 0:00:04] C54: Giuoco Piano: 4 c3 Nf6, main lines with 5 d4 and 5 d3.} Ba7 9. Nbd2 g5 10. Bg3 Qe7 11. b4 Nh7 12. O-O h5 13. h4 g4 14. Ne1 Nf8 15. b5 Nd8 16. d4 Ng6 17. dxe5 $5 $146 {[%emt 0:00:31][%mdl 8] An interesting novelty.} ({Predecessor:} 17. Nc2 Nxh4 18. f4 gxf3 19. Bxh4 Qxh4 20. Qxf3 Rh7 21. bxa6 bxa6 22. Rab1 Rg7 23. Rf2 {½-½ Chigaev,M (2632)-Nakamura,H (2768) Titled Tuesday intern op 10th Jan Early blitz 2023 (7)}) 17... dxe5 18. Nd3 O-O 19. Kh1 Ne6 20. bxa6 bxa6 21. Bd5 Rb8 22. Nc4 f6 23. Nb4 Rxb4 24. cxb4 Kg7 25. Ne3 Nd4 26. Rc1 Rd8 27. Qd3 c6 28. Bc4 Nf4 29. Qc3 Nde2 30. Bxe2 Nxe2 31. Qa3 Nxc1 32. Rxc1 Qe6 $2 (32... a5 $1 $15 {keeps the upper hand.} 33. Rxc6 axb4) 33. Nf5+ $16 Kh7 34. Qc3 Bb7 35. Qc2 Rd7 36. Rd1 Bc8 37. Rxd7+ Qxd7 $4 (37... Bxd7 $16 38. Kh2 Qf7) 38. Qc1 $18 Kg8 {[%emt 0:00:01] [#]} 39. Qh6 $1 Qf7 (39... Qd1+ $142 40. Kh2 Bxf5 41. exf5 Qd8 42. Qxh5 Bd4 43. Qxg4+ Kh7) 40. Nd6 $18 Qe6 41. Qg6+ Kf8 42. Nxc8 Bd4 43. Qh6+ Ke8 44. Qxh5+ Kd7 45. Qh8 Qc4 46. h5 Qf1+ 47. Kh2 Bxf2 48. Qg7+ (48. Qxf6 $2 Qg1#) 48... Kxc8 49. Qf8+ (49. Qxf6 $2 Qg1#) (49. Bxf2 $142 Qxf2 50. Qxg4+ Kb7 51. h6) 49... Kb7 50. Qe7+ (50. Qxf6 $2 Qg1#) 50... Kb8 51. Qd8+ (51. Qxf6 $2 Qg1#) 51... Kb7 52. Bxf2 (52. Qxf6 $2 Qg1#) 52... Qxf2 53. Qe7+ Kb8 54. Qd8+ Kb7 55. Qd7+ Kb8 56. Qxg4 ({Weaker is} 56. Qxc6 Qh4+ 57. Kg1 Qe1+ 58. Kh2 Qh4+ 59. Kg1 Qe1+ 60. Kh2 Qh4+ $11) 56... Qe3 57. Qg8+ Kb7 58. Qg7+ Kb6 59. Qxf6 Qxe4 60. h6 Qh7 61. Qf2+ (61. Qxe5 Qxh6+ 62. Kg3 Qg6+ 63. Kf4 Qf7+ 64. Ke4 Kb7 $14) 61... Kb7 62. Qf6 Kb6 $1 63. Qg7 (63. Qxe5 Qxh6+ 64. Kg3 Qg6+ 65. Kf4 Qf7+ 66. Ke4 Kb7 $14) (63. Qd8+ $142 Kb7 64. Qf8 Qe4 65. Qe7+ Kb6 66. h7 Qf4+ 67. Kh3 Qf5+ 68. g4 Qf1+ 69. Kh4) 63... Qe4 $18 64. Qg5 Qh7 65. Kh3 (65. Qxe5 Qxh6+ 66. Kg3 Qf8 $14) (65. Qd8+ $142 Kb7 66. Qf8) 65... e4 66. a5+ 1-0

[Event "American Cup Blitz 2024"]
[Site "Saint Louis"]
[Date "2024.03.21"]
[Round "3.10"]
[White "Rosen, Eric"]
[Black "Tang, Zoey"]
[Result "1-0"]
[ECO "A18"]
[WhiteElo "2361"]
[BlackElo "2253"]
[Annotator "TA"]
[PlyCount "113"]
[EventDate "2024.03.21"]
[EventType "swiss"]
[EventCountry "USA"]
[SourceTitle "playchess.com"]
[Source "ChessBase"]
[SourceQuality "1"]
[TimeControl "180+2"]

1. c4 Nf6 2. Nc3 e6 3. e4 d5 4. cxd5 exd5 5. e5 Ne4 6. Nf3 Nxc3 7. dxc3 Be7 {[%emt 0:00:02] Against Bg5} 8. Bd3 O-O (8... c5 $11) 9. h3 c5 10. O-O Nc6 11. Re1 Be6 12. Bf4 h6 (12... Rc8 $14) 13. Qd2 (13. Bc2 $16) 13... d4 14. c4 (14. Qe2 $16) 14... Nb4 (14... Qc8 $11) 15. Bb1 $14 Re8 16. a3 Nc6 17. Qd3 g6 18. Bxh6 Na5 19. Ba2 Qb6 (19... a6 $16) 20. Qe2 (20. Ng5 $1 $18) 20... Rad8 21. Red1 (21. Rac1 $16) 21... Bf5 (21... d3 $11 22. Qe4 (22. Rxd3 Rxd3 23. Qxd3 Qxb2 $17) 22... Qxb2) 22. g4 $16 Be6 23. Ng5 (23. b3 $16) 23... Qc6 $2 (23... d3 $1 $15 {stays ahead.} 24. Qe3 (24. Rxd3 $2 Rxd3 25. Qxd3 Bxg5 $19) 24... Nxc4 (24... Qxb2 25. Nxe6 fxe6 26. Qe4 $11) 25. Bxc4 Bxc4) 24. Nxe6 ({Better is} 24. Qd3 $16) 24... Qxe6 $11 25. Bf4 Nc6 26. Bb1 Bf8 (26... Bf6 $15 27. Qf3 Nxe5 28. Bxe5 Qxe5 (28... Bxe5 29. Bd3 $15)) 27. Re1 {[%emt 0:00:07] [#]} d3 28. Bxd3 $16 Nd4 29. Qe4 Bg7 30. Rad1 ({White should try} 30. Bg5) 30... b6 (30... Bxe5 $16 {keeps fighting.} 31. Bxe5 Qxe5) 31. b4 $2 (31. Bg5 $18) 31... Rd7 ({Black should play} 31... Bxe5 $14 32. Kf1 (32. Bxe5 Qxe5 33. Qxe5 Rxe5 $11) 32... Bxf4 33. Qxf4 Qc8) 32. Bg3 Qc6 33. Qxc6 Nxc6 34. bxc5 {[%emt 0:00:06] And now Be4 would win.} bxc5 35. f4 Red8 36. Bc2 {[%emt 0:00:00] aiming for Rxd7.} Nd4 {[%emt 0:00:01] [#]} 37. Ba4 $1 ({Resist} 37. Be4 $6 Ne2+ 38. Rxe2 Rxd1+ 39. Kf2 R8d2 $11) 37... Nf3+ (37... Rb7 $142 38. Kf1 Rb2) 38. Kf2 $18 Nxe1 (38... Rxd1 $142 39. Rxd1 Rxd1 40. Bxd1 Nd2) 39. Rxd7 Rxd7 40. Bxd7 {[%emt 0:00:01][%mdl 4096] Endgame. KBB-KBN} Nd3+ (40... Nc2 $142 41. a4 Nb4) 41. Ke3 Nb2 42. Bb5 f6 43. e6 {[%emt 0:00:03] White threatens e7 and mate.} Bf8 44. f5 gxf5 45. gxf5 {[%emt 0:00:01] Kd2 is the strong threat.} Bh6+ 46. Ke2 Bf8 47. Bf2 {[%emt 0:00:01] Threatens to win with Be1.} a6 48. Bxa6 {[%emt 0:00:03] Bb5 would kill now.} Na4 49. Be1 Nb6 50. Bb5 (50. Ba5 $142 Na4 51. Bb5 Kh8 52. Bxa4 Be7 53. Bb5 Kh7 54. a4 Bd6 55. Bc7) 50... Bd6 51. a4 Nc8 52. a5 Na7 53. Bd7 Kf8 54. Bd2 Ke7 55. a6 Bc7 56. h4 Bd6 57. h5 1-0

[Event "American Cup Blitz 2024"]
[Site "Saint Louis"]
[Date "2024.03.21"]
[Round "4.1"]
[White "Sevian, Samuel"]
[Black "Durarbayli, Vasif"]
[Result "0-1"]
[ECO "E48"]
[WhiteElo "2697"]
[BlackElo "2627"]
[Annotator "TA"]
[PlyCount "136"]
[EventDate "2024.03.21"]
[EventType "swiss"]
[EventCountry "USA"]
[SourceTitle "playchess.com"]
[Source "ChessBase"]
[SourceQuality "1"]
[TimeControl "180+2"]

1. d4 Nf6 2. c4 e6 3. Nc3 Bb4 4. e3 O-O 5. Bd3 c5 6. Nge2 d5 7. cxd5 cxd4 8. exd4 Nxd5 9. O-O Nc6 10. Bc2 Qh4 11. a3 Bxc3 12. bxc3 Rd8 {[%emt 0:00:01] The position is equal.} 13. Qd3 e5 14. c4 Nde7 15. d5 Bf5 16. Qc3 Bxc2 17. dxc6 {[%emt 0:00:09] White is weak on the light squares} (17. Qxc2 Na5 18. f4 Rac8 $17) 17... Bd3 (17... Be4 $11 18. c7 (18. Qxe5 Nxc6 19. Qb2 b6 $17) 18... Rd7) 18. c7 $14 Rd7 {[%emt 0:00:01] The board is on fire.} 19. Rd1 e4 20. Bb2 (20. Bf4 $5 Rc8 21. Bg3 $14) 20... Qf6 (20... f6 $11) 21. Qxf6 gxf6 22. Nf4 f5 23. Nh5 {[%emt 0:00:01] [#] Black must now prevent Nf6+.} Rxc7 24. Nf6+ Kf8 25. Nxh7+ Ke8 26. Nf6+ Kf8 27. Rac1 Rac8 28. c5 Ng8 29. Nh7+ Ke7 {[%emt 0:00:00][%cal Of7f6] Threatens to win with ...f6!} 30. a4 $2 {[%emt 0:00:01][%mdl 8192] [#] Black converts the advantage convincingly.} (30. Ng5 $1 $11 {and White is okay.}) 30... f6 $1 $19 (30... Rxc5 31. Rxc5 (31. Ba3 b6 $11) 31... Rxc5 32. Ba3 $14) 31. c6 bxc6 32. Ba3+ c5 33. f3 Ke6 34. fxe4 fxe4 35. Rc3 Rxh7 36. Re1 (36. Rxc5 $142 Rxc5 37. Bxc5) 36... Rd7 {[%emt 0:00:00] And now ...c4 would win.} 37. Bxc5 Rd5 38. Bb4 Rxc3 39. Bxc3 Rc5 40. Bd4 Ra5 41. Ra1 Ne7 42. h4 Nc6 43. Be3 Rh5 44. g3 Ne5 45. Bxa7 Nc4 {[%emt 0:00:00] Repels a5} 46. Bd4 (46. a5 $142 Nxa5 47. g4) 46... e3 47. Kg2 e2 48. Re1 Rf5 {[%emt 0:00:00] ( -> ...Rf1)} 49. Bf2 Ra5 (49... Ne5 $142 50. Bc5 Rf1 51. Rxe2 Bxe2 52. g4 Rf4 (52... Nxg4 53. h5 Kf5 54. Kg3 Rd1 55. Bf2 Bf1 56. Kh4 Nxf2 57. Kg3 Ng4 58. Kh4 Rd3 59. a5 Rh3#) 53. Bb6 Bf3+ (53... Rxg4+ $2 54. Kf2 $19) (53... Rxa4 $2 54. h5 $19) (53... Bxg4 $2 54. a5 $19) (53... Ba6 $2 54. g5 $19) 54. Kf2 Bxg4+ (54... Rxa4 $2 55. h5 $19) 55. Kg3 Rf3+ (55... Rxa4 56. Be3 $19) 56. Kh2 Bh3 (56... Rh3+ $2 57. Kg1 $19) 57. a5 Ng4+ 58. Kh1 Rf1+ 59. Bg1 Ke5 (59... Ra1 60. a6 Ra2 61. Bd4 Rh2+ 62. Kg1 Rd2 63. Kh1 Rxd4 64. h5 Rd1#) 60. a6 Kf4 61. h5 Kg3 62. a7 Bg2#) 50. Ra1 Kf5 (50... Be4+ $142 51. Kg1 Rd5 52. Re1 Rd1 53. g4 Ne5 54. Kh2 Nf3+ (54... Nxg4+ $2 55. Kg3 $19) 55. Kg3 Nxe1 56. Bxe1 Rxe1 57. Kf2 Rg1 (57... Rf1+ $2 58. Kxe2 Ra1 59. Kd2 $19) 58. Kxe2 Ke5 (58... Rxg4 {is a self mate.} 59. Kd2 Rxh4 60. Kc3 Ke5 61. Kb4 f5 62. Kc4 f4 63. Kc5 f3 64. a5 f2 65. a6 f1=Q 66. a7 Rh2 67. Kb6 Qb1+ 68. Kc7 Qb7+ 69. Kd8 Rh8#) (58... Rg2+ 59. Ke3 Ke5 60. h5 Rxg4 61. Kf2 Rg2+ 62. Kf1 Kf4 63. h6 Ke3 64. h7 Rh2 65. h8=Q Rxh8 66. Kg1 Rh1#) 59. Kf2 Rxg4 (59... Rg2+ 60. Ke3 Rxg4 61. Ke2 Kd4 62. h5 Rg2+ 63. Kd1 Bf3+ 64. Ke1 Ke3 65. Kf1 Rh2 66. Kg1 Rh1#) 60. Ke1 Rf4 (60... Rxh4 {gets mated.} 61. Ke2 Rh2+ 62. Kd1 Kd4 63. a5 Bc2+ 64. Ke1 Ke3 65. Kf1 Be4 66. Kg1 Rh1#) (60... Rg1+ 61. Kd2 Kd4 62. Ke2 Rg2+ 63. Kd1 Bd3 64. a5 Rb2 65. Kc1 Kc3 66. h5 Rb1#) 61. h5 Bd3 62. Kd1 Kd4 (62... Rxa4 {leads to mate.} 63. Kd2 Kd4 64. h6 Ra2+ 65. Kd1 Ke3 66. Kc1 Bh7 67. Kd1 Ra1#) 63. Kd2 Rf2+ 64. Ke1 Ke3 65. h6 Rf1#) 51. Kf3 Re5 (51... Ne5+ $142 52. Ke3 Rd5) 52. g4+ Kg6 53. h5+ Kg7 54. Be1 Na5 {[%emt 0:00:00] ...Nb3 is the strong threat.} 55. Bc3 Rc5 {[%emt 0:00:00] ...Nb3 would now be deadly.} 56. Be1 Ba6 57. Rb1 Nc4 {[%emt 0:00:00] Dodges Rb6} 58. Ke4 Nd6+ 59. Kf3 Nc4 {[%emt 0:00:00] Repels Rb6} (59... Nf7 $19 60. Rb6 Ne5+ 61. Kf2 Nxg4+ 62. Kg3 Bc8) 60. Kf4 $2 (60. Ke4 $11 Ne5 61. Rb6 Bd3+ 62. Kd4 Rc4+ 63. Ke3) 60... Ne5 {[%emt 0:00:00] aiming for ...Nd3+.} 61. Ra1 Nd3+ 62. Ke3 Nxe1 63. Rxe1 {[%emt 0:00:01] KRB-KR} Ra5 64. Kf2 Rxa4 65. Kf3 Ra3+ 66. Kf2 Ra4 67. Kf3 Kh6 68. Rc1 Rd4 {[%emt 0:00:00] Weighted Error Value: White=0.36/Black=0.21 (precise) .  Loses game:     	White=1     	---        Mistake:       	White=2     	Black=2      Inaccurate:     	White=5     	---        OK:         	White=13    	Black=16     Best:        	White=5     	Black=4      Strong:       	---       	Black=1} 0-1

[Event "American Cup Blitz 2024"]
[Site "Saint Louis"]
[Date "2024.03.21"]
[Round "4.2"]
[White "Naroditsky, Daniel"]
[Black "Caruana, Fabiano"]
[Result "0-1"]
[ECO "C26"]
[WhiteElo "2619"]
[BlackElo "2804"]
[Annotator "TA"]
[PlyCount "68"]
[EventDate "2024.03.21"]
[EventType "swiss"]
[EventCountry "USA"]
[SourceTitle "playchess.com"]
[Source "ChessBase"]
[SourceQuality "1"]
[TimeControl "180+2"]

1. e4 e5 2. Nf3 Nc6 3. Nc3 Nf6 4. g3 Bc5 5. Bg2 d6 6. d3 a5 7. O-O h6 8. h3 (8. Nd5 {hält die Spannung aufrecht.} Bg4 9. Be3 Nxd5 10. exd5 Nd4 11. c3) 8... Be6 {[%emt 0:00:06] Schwarz steht etwas besser.} 9. Be3 Bxe3 10. fxe3 Ne7 11. Nh4 Qd7 12. Kh2 c6 (12... b5 $5) 13. d4 Qc7 14. a4 d5 15. exd5 Nexd5 16. Nxd5 Nxd5 17. Qd2 O-O-O 18. Nf5 h5 19. e4 Nb6 {[%emt 0:00:32] ...g6 ist eine echte Drohung.} 20. Qxa5 exd4 (20... g6 $5 21. Nh4 exd4 $11) 21. e5 (21. Nxg7 $11 Nc4 22. Qxc7+ Kxc7 23. Nxe6+ fxe6 24. Rf7+ Rd7 25. Raf1) 21... Kb8 (21... h4 $1 $15 22. g4 (22. gxh4 $2 Rh5 $19) (22. Nxh4 Nc4 $17) (22. Nd6+ Kb8 $17) 22... Bxf5 23. Rxf5 Rhe8) 22. Qc5 {[%emt 0:00:22] [#]} (22. Nxg7 $11 {bleibt in der Remisbreite.} h4 23. Nxe6 hxg3+ 24. Kg1 fxe6 25. Ra3) 22... h4 $1 $17 23. Nxh4 (23. g4 Bxf5) 23... Nc4 24. Nf5 {[%emt 0:00:11] Es drohte Ne3} (24. Rae1 $17 {war nötig.}) 24... Nxe5 $19 25. Kg1 (25. Nxg7 $2 Ng4+ (25... Bxh3 $2 26. Kg1 $19) 26. Kg1 Qxg3 27. hxg4 Rh2 $19 (27... Bxg4 28. Qg5 $15)) (25. Nxd4 Rh5 26. Nxc6+ (26. Nxe6 $2 Ng4+ 27. Kg1 Qxg3 $19) 26... bxc6 (26... Qxc6 $2 27. Qxc6 bxc6 28. Rae1 $19) 27. Qb4+ Kc8 $19) 25... d3 (25... Rh5 $19 {bietet bessere Gewinnchancen.} 26. g4 (26. Nxd4 $2 Nf3+ 27. Rxf3 Rxc5 $19) 26... Rhh8 (26... b6 27. Qa3 $15)) 26. cxd3 (26. a5 $17 Nd7 27. Qc3) 26... Nxd3 27. Qe3 {[%emt 0:00:01] [#]} (27. Qc3 {ist eine bessere Verteidigung.}) 27... g6 $1 (27... Nxb2 28. a5 $17) 28. Nd4 {[%emt 0:00:01] [#]} Bxh3 $1 29. Qxd3 $11 {[%emt 0:00:01] Zielt auf Qc3 ab.} Bxg2 30. Kxg2 c5 31. Nb5 Qc8 {[%emt 0:00:11][%mdl 1024] Schwarz hat Kompensation.} 32. Qe2 (32. Qe4 $11 Qh3+ 33. Kf3 Qh5+ 34. Kf2 (34. Ke3 $2 Rhe8 $19) 34... Qh2+ 35. Kf3 Qh5+ 36. Kf2 (36. Ke3 $2 Rhe8 $19) 36... Qh2+ 37. Kf3 Qh5+) 32... Qh3+ $19 33. Kf2 Rhe8 ({Lieber nicht} 33... Qh2+ 34. Kf3 Qh5+ 35. Kf2 Qh2+ 36. Kf3 Qh5+ 37. Kf2 Qh2+ $11) 34. Qf3 Rd2+ {[%emt 0:00:01] Gewichteter Fehlerwert: Weiß=0.70/Schwarz=0.32.  Verlustzug:     	Weiß=1     	---        Gewinn verpasst:   	---       	Schwarz=2     Fehler:       	Weiß=5     	Schwarz=1     Ungenau:       	Weiß=3     	Schwarz=2     OK:         	Weiß=5     	Schwarz=9     Bester:       	Weiß=2     	Schwarz=2} 0-1

[Event "American Cup Blitz 2024"]
[Site "Saint Louis"]
[Date "2024.03.21"]
[Round "4.3"]
[White "Dominguez Perez, Leinier"]
[Black "Kevlishvili, Robby"]
[Result "1/2-1/2"]
[ECO "B90"]
[WhiteElo "2749"]
[BlackElo "2524"]
[Annotator "TA"]
[PlyCount "187"]
[EventDate "2024.03.21"]
[EventType "swiss"]
[EventCountry "USA"]
[SourceTitle "playchess.com"]
[Source "ChessBase"]
[SourceQuality "1"]
[TimeControl "180+2"]

1. e4 c5 2. Nf3 d6 3. d4 cxd4 4. Nxd4 Nf6 5. Nc3 a6 6. Be3 e5 7. Nb3 Be6 8. f3 h5 9. Nd5 Bxd5 10. exd5 Nbd7 11. Qd2 {[%emt 0:00:01] White is slightly better.} Be7 12. O-O-O Qc7 13. c4 a5 14. Kb1 a4 15. Na1 a3 16. b3 O-O 17. Nc2 Rfe8 18. Be2 Nc5 19. g3 (19. b4 $14 Ncd7 20. Qd3) 19... Nfd7 (19... b5 $11) 20. h3 (20. b4 $16) 20... Bf6 $11 21. Nb4 (21. Rhf1 $14) 21... Qa5 (21... e4 $15 22. f4 Nxb3 23. axb3 a2+ 24. Nxa2 Nc5 25. Bxc5 (25. Bxh5 $2 b5 $19) 25... Qxc5) 22. f4 $2 (22. g4 $11) 22... e4 $2 (22... Ne4 $19 23. f5 Nxd2+ 24. Bxd2 Qb6) 23. Rh2 (23. g4 $11 {keeps the balance.}) 23... Bb2 (23... Nd3 $1 $17 24. Nxd3 exd3 25. Qxd3 (25. Qxa5 $2 dxe2 26. Re1 Rxa5 $19) 25... Nc5) 24. Kc2 (24. Qe1 $11) 24... Rac8 (24... Nb6 $17) 25. Kb1 Ra8 (25... Nb6 $11) 26. Kc2 $17 Rac8 (26... Nb6 $17 27. Bxh5 Nxb3 28. Bxb6 (28. axb3 $2 Nxc4 $19) 28... Nxd2 29. Bxa5 Nxc4) 27. Qe1 $2 (27. Kb1 $11) 27... Nb6 $1 28. Kb1 (28. g4 $17 {might work better.}) 28... Ra8 $2 (28... Nba4 $1 $19 29. bxa4 Nxa4) 29. Nc2 (29. Bf1 $1 $11 {remains equal.}) 29... Bc3 $1 30. Bd2 (30. b4 $1 $15 Bxe1 31. bxa5 Bxa5 (31... Bxg3 32. Rg2 $16) 32. Nxa3) 30... Bxd2 $2 (30... Nba4 $1 $17 {[%cal Oc5b3] aiming for ...Nxb3!} 31. b4 Bxd2 32. Qxd2 e3) 31. Qxd2 $11 Qa7 (31... Qxd2 $14 32. Rxd2 e3) 32. Ne3 (32. Bxh5 $18 Nd3 33. Qe3) 32... Nba4 (32... g6 $16) 33. bxa4 (33. Nf5 $18 {[%cal Od2d4] Qd4! is the strong threat.} Qb6 34. Qd4 (34. Bxh5 g6 $11)) 33... Nxa4 $2 (33... Qb6+ $1 $14 34. Ka1 Nd3) 34. Qd4 $18 (34. Bxh5 b5 35. Qd4 (35. cxb5 Rec8 $11) 35... bxc4 36. Qxa7 (36. Nxc4 Reb8+ 37. Ka1 Qxd4+ 38. Rxd4 Nc3 $11) 36... Rxa7) 34... Qa5 35. Kc2 {[%emt 0:00:02] Prevents Nc3.} (35. Bxh5 Nc3+ 36. Kc2 Nxd1 37. Bxd1 Qb4 $18) 35... b5 36. Rb1 (36. Bxh5 g6 $18) 36... Rac8 (36... bxc4 $142 37. Nf5 (37. Bxh5 Nb2 $18) 37... f6 38. Nxd6 (38. Bxc4 Nb2 $11) (38. Rb7 Reb8 $16) 38... Reb8 39. Nxc4 (39. Qxe4 $2 Rb2+ 40. Rxb2 Qc3+ 41. Kd1 Nxb2#) (39. Rxb8+ Rxb8 40. Nxc4 Qe1 $18) 39... Rc8) 37. Rhh1 (37. Bxh5 Rc7 $18) (37. Nf5 $142 f6 38. Nxd6) 37... bxc4 $2 (37... Nb2 38. Rxb2 (38. Bxh5 $2 Nxc4 39. Kd1 Nxe3+ 40. Qxe3 Rc3 $19) 38... axb2) 38. Nxc4 $2 (38. Nf5 $18 f6 39. Nxd6 (39. Bxc4 $2 Nb2 $19)) 38... e3 {[%emt 0:00:01][%cal Oe8e4] ...Re4! would now be deadly.} 39. Rhc1 $2 (39. Bxh5 $2 Rxc4+ 40. Qxc4 Qd2+ 41. Kb3 Nc5+ $19) (39. Rhd1 $11) 39... Nb2 $2 (39... Re4 $1 $19 40. Rb5 (40. Qxe4 {gets mated.} Qd2+ 41. Kb3 Nc5+ 42. Kxa3 Ra8+) 40... Rxc4+ (40... Qxb5 41. Qxe4 Qb2+ 42. Kd1 $19) 41. Bxc4 Rxd4 42. Rxa5 Rxc4+ 43. Kb1 Nc3+ (43... Rxc1+ 44. Kxc1 e2 45. Kd2 $18) 44. Rxc3 Rxc3 45. Ra8+ Kh7) 40. Qc3 (40. Rxb2 $17 {nothing else works.} Rxc4+ 41. Bxc4 axb2 42. Qxb2) 40... Nxc4 $2 (40... Qxd5 $19 41. Rxb2 Qe4+ (41... axb2 $2 42. Kxb2 Qb7+ 43. Qb3 $19) 42. Kb3 axb2 43. Kxb2 d5) 41. Bxc4 $4 (41. Qxa5 $1 $11 {and White stays safe.} Nxa5+ 42. Kd3) 41... Qa4+ 42. Kd3 e2 $2 (42... Qd7 $1 $19 {[%cal Rd7f5] Strongly threatening ...Qf5+.} 43. Qe1 (43. Qxa3 $2 {loses.} Qf5+ 44. Ke2 Qxh3 $19) 43... Qf5+ (43... Qxh3 44. Bb5 $17) 44. Ke2 Qxh3) 43. Re1 {[%emt 0:00:01][%cal Ob1c1] [#]} Rxc4 $1 44. Qxc4 {[%emt 0:00:01] [#]} Re3+ $1 45. Kxe3 Qxc4 46. Rxe2 Qxd5 $15 {[%emt 0:00:01][%mdl 4096] Endgame. KQ-KRR} (46... Qc3+ $15 47. Kf2 Qc5+ 48. Kf1 Qxd5 49. Rb8+ Kh7) 47. Rb3 (47. Rb8+ $11 Kh7 48. h4) 47... Qc5+ 48. Kf3 Qc1 (48... h4 $5) 49. Kg2 {[%emt 0:00:03] Inhibits Qh1+.} Kh7 50. h4 d5 51. Rd3 Qc4 52. Red2 Qe4+ 53. Kh2 Qb4 54. Rxd5 g6 55. Rd7 Kg7 56. R7d4 Qc3 57. R4d3 Qb4 58. Rf2 Qc5 59. Rdf3 Kf6 60. Re2 Qb4 61. Rb3 Qc5 62. Rbe3 Qb4 63. Re5 Qc3 64. Kg2 Qc6+ 65. Kh2 Qc3 66. Rf2 Qd4 67. Kg2 Qc3 68. Rg5 Qc6+ 69. Kg1 Qc1+ 70. Kh2 Qe1 71. Rg2 Qc1 {[%emt 0:00:02] [#]} 72. f5 Kg7 (72... gxf5 $11 73. Rxh5 Qf1) 73. fxg6 $14 fxg6 74. Re5 Kf6 75. Rg5 Kg7 $1 76. Re2 Kf6 77. Rge5 Qc3 78. R5e3 Qc1 79. Kg2 Qc5 80. Rf3+ Kg7 81. Ref2 Qc1 $2 {[%emt 0:00:02][%mdl 8192] [#]} ({Black should play} 81... Qd5 $14) 82. Rf7+ $1 $18 Kh6 83. R7f6 {[%emt 0:00:04] Inhibits Qc6+.} Kg7 84. R6f4 Qc6+ 85. Kh2 Qc1 86. R4f3 Qc5 87. Re2 Qc1 88. Re7+ Kg8 89. Rb3 ({White should try} 89. Rfe3 $14) 89... Qc2+ $11 90. Kh3 {[%emt 0:00:01] White threatens Rb8+ and mate.} Qc8+ 91. Kg2 {[%emt 0:00:03] Active counter play!} Qc2+ 92. Kh3 ({Better is} 92. Kf1 $1 $14 Qc4+ 93. Re2) 92... Qc8+ 93. Kh2 Qc2+ 94. Kh3 {[%emt 0:00:03] A wild game.   Weighted Error Value: White=0.79/Black=0.82.  Loses game:     	White=3     	Black=2      Missed win:     	---       	Black=5      Mistake:       	White=16    	Black=12     Inaccurate:     	White=12    	Black=13     OK:         	White=21    	Black=20     Best:        	White=5     	Black=5      Strong:       	White=1     	Black=3      Brilliant:      	---       	Black=1} 1/2-1/2